Map: [ESL] Altitude

Players

Cow (PiG) - Winner!

  • Race: Terran Terran
  • League: Grandmaster
  • Spawn Location: 7:00

TengenUzui

  • Race: Terran Terran
  • League: Silver
  • Spawn Location: 1:00

VOD

https://www.youtube.com/playlist?list=PLOrKQEirgvjBrkg_LERyoNc_WYX2C2tgI

Description

Time

  • Played on: July 11, 2023, 8 p.m.
  • Length: 11:11
Show
View Real Time Build Order
Export as new Build Order

Cow Terran - Winner!

Build Orders:  

Get SALT Encoding   

  12  0:01  SCV  
  13  0:13  SCV  
  14  0:17  Supply Depot  
  14  0:25  SCV  
  15  0:39  SCV  
  15  0:40  Barracks  
  16  0:46  Refinery  
  16  0:51  SCV  
  17  1:03  SCV  
  18  1:15  SCV  
  19  1:29  Orbital Command, Barracks Reactor  
  19  1:44  Command Center  
  19  1:58  Supply Depot, SCV  
  20  2:10  SCV  
  21  2:16  Marine x2  
  21  2:21  Factory  
  24  2:22  SCV  
  24  2:27  Refinery  
  24  2:34  Marine x2  
  25  3:18  Marine x2  
  29  3:20  Hellion  
  29  3:32  Orbital Command  
  29  3:35  Marine  
  29  3:36  Marine  
  28  3:55  Marine  
  28  3:56  Marine  
  28  3:57  Hellion  
  31  4:06  SCV  
  31  4:07  SCV  
  33  4:18  Marine x2  
  33  4:19  SCV  
  33  4:20  Hellion  
  38  4:34  SCV, Supply Depot  
  38  4:35  SCV  
  40  4:38  Marine  
  40  4:39  Marine  
  42  4:46  Factory Tech Lab, SCV  
  42  4:47  SCV  
  42  4:51  Starport  
  44  4:59  SCV x2  
  46  5:15  Marine, Siege Tank  
  46  5:16  Marine, Bunker  
  46  5:18  SCV x2  
  53  5:23  Bunker  
  52  5:30  SCV  
  52  5:38  Marine  
  52  5:39  Marine  
  54  5:52  Supply Depot  
  54  5:53  Supply Depot  
  54  6:13  Marine x2  
  54  6:14  Medivac, Siege Tank, SCV  
  54  6:15  SCV, Supply Depot  
  54  6:16  Supply Depot  
  63  6:26  SCV  
  64  6:33  Marine x2  
  64  6:36  SCV  
  64  6:38  SCV  
  66  6:44  Medivac  
  66  6:46  Siege Tank  
  71  6:48  SCV  
  71  6:50  SCV  
  71  6:51  Marine x2  
  75  7:01  SCV  
  76  7:02  SCV  
  76  7:08  Supply Depot  
  77  7:09  Supply Depot  
  77  7:13  SCV  
  77  7:14  SCV  
  79  7:20  Barracks x2  
  79  7:21  Barracks x2  
  79  7:23  Engineering Bay  
  79  7:25  SCV  
  79  7:27  Refinery x2  
  80  7:32  SCV  
  80  7:36  Marine x2  
  83  7:37  Siege Tank, SCV  
  83  7:40  Starport Reactor  
  83  7:44  SCV  
  88  7:54  Marine  
  89  8:07  Terran Infantry Weapons Level 1  
  89  8:08  SCV  
  89  8:09  SCV  
  91  8:19  Marine x2  
  93  8:20  Siege Tank, SCV  
  93  8:21  Medivac x2, SCV  
  102  8:27  Supply Depot  
  102  8:29  Supply Depot  
  102  8:32  Barracks Tech Lab x2, Barracks Reactor  
  102  8:33  Barracks Reactor  
  102  8:49  Supply Depot, Marine x2, SCV x2  
  102  8:50  Stimpack, Combat Shield  
  102  8:51  Medivac  
  102  8:52  Siege Tank, Supply Depot  
  110  9:01  SCV x2  
  112  9:07  Marauder x2  
  112  9:08  Marine x2  
  118  9:12  Medivac  
  118  9:13  Supply Depot, SCV  
  121  9:18  Supply Depot  
  121  9:25  Marine x2  
  121  9:28  Marauder x2  
  127  9:38  Supply Depot  
  127  9:43  Marine  
  127  9:45  Marine x5  
  130  9:47  Medivac x2, Siege Tank  
  130  9:49  Marauder x2, Supply Depot  
  144  10:01  Marine  
  144  10:02  Supply Depot  
  144  10:03  Marine x2  
  147  10:09  Concussive Shells  
  147  10:11  Marauder, Supply Depot  
  149  10:17  Marauder  
  149  10:18  Marine x3  
  149  10:19  Marine  
  149  10:20  Marine  
  149  10:21  Marine  
  157  10:22  Siege Tank  
  160  10:32  Marauder  
  162  10:35  Marine  
  162  10:39  Marauder  
Show
View Real Time Build Order
Export as new Build Order

TengenUzui Terran 

Build Orders:  

Get SALT Encoding   

  12  0:03  SCV  
  13  0:14  Supply Depot  
  13  0:21  SCV  
  14  0:44  Barracks  
  14  0:48  Refinery  
  14  0:56  Barracks  
  14  1:01  SCV  
  15  1:17  Refinery  
  15  1:21  SCV  
  16  1:31  Reaper  
  17  1:43  Orbital Command  
  17  1:45  Reaper  
  18  2:06  Barracks  
  18  2:08  Reaper  
  19  2:17  Reaper  
  20  2:40  Reaper  
  21  2:44  SCV  
  21  2:49  Reaper  
  22  3:00  Reaper  
  23  3:28  Supply Depot  
  23  3:29  Supply Depot  
  23  3:50  Reaper x3, SCV  
  25  4:13  Supply Depot  
  25  4:15  Barracks  
  25  4:22  Reaper x2, Marine  
  28  4:40  Reaper  
  29  4:48  Supply Depot  
  29  4:51  SCV  
  30  4:54  Marine  
  31  5:12  Marine  
  32  5:15  SCV  
  24  5:40  SCV  
  24  5:42  Command Center  
  23  5:45  Barracks Reactor  
  23  5:47  Factory  
  23  5:52  SCV  
  24  6:01  Marine x2  
  25  6:19  Marine x2  
  27  6:31  Marine  
  27  6:32  Marine  
  29  6:33  Barracks Tech Lab  
  29  6:34  Factory Tech Lab  
  29  6:38  Starport  
  24  6:52  Siege Tank  
  27  6:55  Stimpack  
  27  7:03  Marine x3  
  27  7:08  Orbital Command  
  30  7:11  SCV  
  31  7:16  Starport Reactor  
  31  7:21  Marine x3  
  34  7:23  SCV  
  35  7:30  Siege Tank  
  35  7:36  Barracks  
  38  7:39  Marine x2  
  38  7:42  SCV x2  
  42  7:54  Bunker  
  42  7:57  Medivac x2  
  46  8:08  SCV x2  
  48  8:13  Supply Depot  
  48  8:15  Engineering Bay  
  48  8:16  Engineering Bay  
  48  8:20  SCV x2  
  48  8:21  Marine x3  
  48  8:26  Barracks Reactor  
  53  8:32  Siege Tank  
  56  8:38  Marine  
  56  8:40  SCV x2  
  59  8:51  Marine x2  
  59  8:52  SCV  
  59  8:53  SCV  
  59  8:55  Medivac  
  65  8:56  Marine  
  66  9:04  Refinery, SCV  
  66  9:05  SCV  
  66  9:07  Marine  
  66  9:08  Marine x2  
  66  9:09  Marine  
  72  9:13  Supply Depot  
  72  9:14  Marine  
  73  9:22  Siege Tank  
  76  9:24  Medivac  
  76  9:29  Supply Depot  
  78  9:34  Marine x4  
  78  9:36  SCV x2  
  84  9:40  Marine  
  85  9:48  SCV  
  85  9:51  SCV  
  85  9:52  Marine x4  
  91  10:00  SCV  
  91  10:01  Refinery, Marine  
  91  10:03  SCV  
  94  10:16  Supply Depot  
  94  10:18  Supply Depot  
  94  10:37  Marine x3  
  94  10:38  Medivac, Siege Tank  
  54  10:57  Supply Depot  
  54  10:59  Supply Depot  
Tags
 
Add a new tag
Caveats
  • Supply blocks, unpowered buildings, or Contaminate may cause inaccurate times.
  • Supply counts are checked every 10 seconds.